MLB
SAN FRANCISCO GIANTS @ SAN DIEGO PADRES
03/11/2026
 
TOP OF THE 1ST
San Francisco Giants batting - Pitching for San Diego Padres : RHP Francis Martes
Pitching: RHP Francis Martes
Batting: SHB Cole Tucker 0-0: Ball
1-0: Swinging Strike
1-1: Ball
2-1: Ball
3-1: Called Strike
3-2: Foul Ball, location: 2F
3-2: Base on Balls
Batting: RHB Tyler Fitzgerald 0-0: Ball
1-0: Called Strike
1-1: Swinging Strike
1-2: Ball
2-2: Foul Ball, location: 2F
2-2: Strikes out swinging
Batting: LHB Michael Conforto 0-0: Ball
1-0: Ball
2-0: Ball
3-0: Base on Balls
Cole Tucker to second
Batting: RHB Heliot Ramos 0-0: Ball
1-0: Foul Ball, location: 2F
1-1: Foul Ball, location: 2F
1-2: Ball
2-2: Fly out, F8 (Flyball, 8LD, EV 94.4 MPH)
Batting: SHB Patrick Bailey 0-0: Foul Ball, location: 2F
0-1: Ball
1-1: Ball
2-1: Called Strike
2-2: Foul Ball, location: 2F
2-2: Ball
3-2: Foul Ball, location: 2F
3-2: Foul Ball, location: 2F
3-2: Foul Ball, location: 2F
3-2: Ground out 1-3 (Groundball, 25, EV 69.4 MPH)
Top of the 1st over - 0 runs, 0 hits, 0 errors, 2 left on base; San Francisco 0 - San Diego 0
BOTTOM OF THE 1ST
San Diego Padres batting - Pitching for San Francisco Giants : RHP Robert Gsellman
Pitching: RHP Robert Gsellman
Batting: RHB Charlis Aquino 0-0: Ball
1-0: Ball
2-0: Ground out 6-3 (Groundball, 56, EV 85.6 MPH)
Batting: LHB Steve Cruff 0-0: SINGLE (Line Drive, 9S, EV 113.1 MPH)
Batting: SHB Francisco Lindor 0-0: Called Strike
Steve Cruff steals 2nd base
0-1: Ball
1-1: Swinging Strike
1-2: Ground out 4-3 (Groundball, 4, EV 86.2 MPH)
Steve Cruff to third
Batting: RHB Manny Machado 0-0: Ball
1-0: Ball
2-0: SINGLE (Line Drive, 5D, EV 97.5 MPH)
Steve Cruff scores
Batting: LHB Erik Davidson 0-0: Called Strike
0-1: Ball
1-1: SINGLE (Line Drive, 6D, EV 96.9 MPH)
Manny Machado to second
Runner from 2nd tries for 3rd, SAFE, throw by LF made to third
Batting: RHB Yoelqui Cespedes 0-0: Ball
1-0: Ball
2-0: Called Strike
2-1: Swinging Strike
2-2: Ground out 1-3 (Groundball, 15S, EV 76.2 MPH)
Bottom of the 1st over - 1 run, 3 hits, 0 errors, 2 left on base; San Francisco 0 - San Diego 1
TOP OF THE 2ND
San Francisco Giants batting - Pitching for San Diego Padres : RHP Francis Martes
Batting: LHB Michael Siani 0-0: Ball
1-0: Ground out U3 (Groundball, 34S, EV 87.5 MPH)
Batting: RHB Mike Adams 0-0: Foul Ball, location: 2F
0-1: SINGLE (Groundball, 56D, EV 95.6 MPH)
Batting: RHB Miguel Rojas 0-0: Ball
1-0: Swinging Strike
1-1: Swinging Strike
1-2: SINGLE (Groundball, 34, EV 91.9 MPH) (infield hit)
Mike Adams to second
Batting: RHB Robert Gsellman 0-0: Bunted foul
0-1: Sac Bunt to 25 - play at first, batter OUT! 5-4
Mike Adams to third
Miguel Rojas to second
Pitching: RHP Ty Adcock
Batting: SHB Cole Tucker 0-0: Ball
1-0: Ball
2-0: Ball
3-0: Ground out 4-3 (Groundball, 34, EV 102.5 MPH)
Top of the 2nd over - 0 runs, 2 hits, 0 errors, 2 left on base; San Francisco 0 - San Diego 1
BOTTOM OF THE 2ND
San Diego Padres batting - Pitching for San Francisco Giants : RHP Robert Gsellman
Batting: LHB Vitor Watanabe 0-0: Ball
1-0: Called Strike
1-1: Foul Ball, location: 2F
1-2: Strikes out looking
Batting: RHB Sean Murphy 0-0: Ball
1-0: Swinging Strike
1-1: Swinging Strike
1-2: Strikes out swinging
Batting: RHB Ty Adcock 0-0: Foul Ball, location: 2F
0-1: Foul Ball, location: 2F
0-2: Strikes out swinging
Bottom of the 2nd over - 0 runs, 0 hits, 0 errors, 0 left on base; San Francisco 0 - San Diego 1
TOP OF THE 3RD
San Francisco Giants batting - Pitching for San Diego Padres : RHP Ty Adcock
Pitching: RHP Edwin Diaz
Batting: RHB Tyler Fitzgerald 0-0: Foul Ball, location: 2F
0-1: Called Strike
0-2: Ball
1-2: Ball
2-2: Foul Ball, location: 2F
2-2: Foul Ball, location: 2F
2-2: Strikes out swinging
Batting: LHB Michael Conforto 0-0: Ball
1-0: Ball
2-0: Ball
3-0: Called Strike
3-1: Foul Ball, location: 2F
3-2: Strikes out swinging
Batting: RHB Heliot Ramos 0-0: Swinging Strike
0-1: Swinging Strike
0-2: Ball
1-2: Foul Ball, location: 2F
1-2: Foul Ball, location: 2F
1-2: Foul Ball, location: 2F
1-2: Ball
2-2: Strikes out swinging, 2-3 out at first.
Top of the 3rd over - 0 runs, 0 hits, 0 errors, 0 left on base; San Francisco 0 - San Diego 1
BOTTOM OF THE 3RD
San Diego Padres batting - Pitching for San Francisco Giants : RHP Robert Gsellman
Batting: RHB Charlis Aquino 0-0: DOUBLE (Line Drive, 7LS, EV 108.1 MPH)
Batting: LHB Steve Cruff 0-0: Called Strike
0-1: Ball
1-1: Called Strike
1-2: Ball
Wild Pitch!
Charlis Aquino to third
2-2: Foul Ball, location: 2F
2-2: Ground out 4-3 (Groundball, 34D, EV 88.8 MPH)
Charlis Aquino scores
Batting: SHB Francisco Lindor 0-0: Swinging Strike
0-1: Called Strike
0-2: Ball
1-2: Foul Ball, location: 2F
1-2: Ball
2-2: Ball
3-2: Base on Balls
Pitching: RHP Nivaldo Rodriguez
Batting: RHB Manny Machado 0-0: Called Strike
0-1: Swinging Strike
0-2: Ball
1-2: Strikes out swinging
Batting: LHB Erik Davidson 0-0: Ball
1-0: Ball
2-0: Foul Ball, location: 2F
2-1: SINGLE (Groundball, 25, EV 71.2 MPH) (infield hit)
Francisco Lindor to second
Batting: RHB Yoelqui Cespedes 0-0: Ball
1-0: Foul Ball, location: 2F
1-1: Called Strike
1-2: Foul Ball, location: 2F
1-2: Strikes out swinging
Bottom of the 3rd over - 1 run, 2 hits, 0 errors, 2 left on base; San Francisco 0 - San Diego 2
TOP OF THE 4TH
San Francisco Giants batting - Pitching for San Diego Padres : RHP Edwin Diaz
Pitching: RHP Andy Marshall
Batting: SHB Patrick Bailey 0-0: Called Strike
0-1: Ball
1-1: Ball
2-1: Called Strike
2-2: Strikes out swinging
Batting: LHB Michael Siani 0-0: Foul Ball, location: 2F
0-1: Swinging Strike
0-2: Ball
1-2: Fly out, F8 (Line Drive, 8RM, EV 90.0 MPH)
Batting: RHB Mike Adams 0-0: SINGLE (Line Drive, 34D, EV 93.8 MPH)
Pinch Hitting: LHB Hunter Bishop 0-0: Ball
1-0: Foul Ball, location: 2F
1-1: Ball
2-1: Foul Ball, location: 2F
2-2: Strikes out looking
Top of the 4th over - 0 runs, 1 hit, 0 errors, 1 left on base; San Francisco 0 - San Diego 2
BOTTOM OF THE 4TH
San Diego Padres batting - Pitching for San Francisco Giants : RHP Nivaldo Rodriguez
Now at 1B: Hunter Bishop
Now at SS: Tyler Fitzgerald
Batting: LHB Vitor Watanabe 0-0: Ball
1-0: Foul Ball, location: 2F
1-1: SINGLE (Line Drive, 56D, EV 99.4 MPH)
Batting: RHB Sean Murphy 0-0: Ball
1-0: Ball
2-0: Ball
3-0: Called Strike
3-1: Hit by Pitch
Vitor Watanabe to second
Batting: LHB Andy Marshall 0-0: Bunt - Flyout to 5S! F5
Batting: RHB Charlis Aquino 0-0: Ball
1-0: Fielders Choice at 2nd, 6-4 (Groundball, 6, EV 83.8 MPH)
Vitor Watanabe to third
Pitching: LHP Andrew Perez
Pinch Hitting: RHB Jimmy Mojica 0-0: Called Strike
0-1: Called Strike
0-2: Ball
1-2: Foul Ball, location: 2F
1-2: DOUBLE (Line Drive, 78D, EV 101.2 MPH)
Vitor Watanabe scores
Charlis Aquino to third
Runner from 3rd tries for Home, SAFE, no throw by LF
Batting: SHB Francisco Lindor 0-0: Hit by Pitch
Batting: RHB Manny Machado 0-0: Fielders Choice at 2nd, 6-4 (Groundball, 6, EV 77.5 MPH)
Bottom of the 4th over - 2 runs, 2 hits, 0 errors, 2 left on base; San Francisco 0 - San Diego 4
TOP OF THE 5TH
San Francisco Giants batting - Pitching for San Diego Padres : RHP Andy Marshall
Now at 1B: Esteury Ruiz
Now at 2B: Luis Paez
Now at 3B: Erik Davidson
Now at SS: Steve Betker
Now in LF: Jimmy Mojica
Now in RF: Yoelqui Cespedes
Batting: LHB Andrew Perez 0-0: Called Strike
0-1: Called Strike
0-2: Ball
1-2: Foul Ball, location: 2F
1-2: Strikes out swinging
Pinch Hitting: RHB Will Wilson 0-0: Ball
1-0: Fly out, F7 (Flyball, 7D, EV 92.5 MPH)
Pinch Hitting: RHB Thairo Estrada 0-0: Ball
1-0: Ball
2-0: Foul Ball, location: 2F
2-1: Ball
3-1: Foul Ball, location: 2F
3-2: Strikes out looking
Top of the 5th over - 0 runs, 0 hits, 0 errors, 0 left on base; San Francisco 0 - San Diego 4
BOTTOM OF THE 5TH
San Diego Padres batting - Pitching for San Francisco Giants : LHP Andrew Perez
Now at 2B: Mauricio Dubon
Now at 3B: Will Wilson
Now at SS: Thairo Estrada
Now in RF: Mike Yastrzemski
Batting: LHB Erik Davidson 0-0: Foul Ball, location: 2F
0-1: Ground out 4-3 (Groundball, 4, EV 82.5 MPH)
Batting: RHB Yoelqui Cespedes 0-0: Fly out, F8 (Line Drive, 8RM, EV 95.6 MPH)
Batting: LHB Vitor Watanabe 0-0: Ball
1-0: Foul Ball, location: 2F
1-1: Ball
2-1: Fly out, F7 (Flyball, 78S, EV 93.1 MPH)
Bottom of the 5th over - 0 runs, 0 hits, 0 errors, 0 left on base; San Francisco 0 - San Diego 4
TOP OF THE 6TH
San Francisco Giants batting - Pitching for San Diego Padres : RHP Andy Marshall
Pitching: RHP Joe Ottinger
Now in CF: Ken Gelhaus
Now in RF: Jose Sanchez
Batting: LHB Mike Yastrzemski 0-0: Ball
1-0: Foul Ball, location: 2F
1-1: Foul Ball, location: 2F
1-2: Strikes out looking
Pinch Hitting: LHB Orlando Martinez 0-0: Ball
1-0: Called Strike
1-1: Swinging Strike
1-2: Ground out 4-3 (Groundball, 34, EV 88.8 MPH)
Batting: SHB Patrick Bailey 0-0: Foul Ball, location: 2F
0-1: Called Strike
0-2: Foul Ball, location: 2F
0-2: Fly out, F9 (Flyball, 9, EV 84.4 MPH)
Top of the 6th over - 0 runs, 0 hits, 0 errors, 0 left on base; San Francisco 0 - San Diego 4
BOTTOM OF THE 6TH
San Diego Padres batting - Pitching for San Francisco Giants : LHP Andrew Perez
Now in LF: Orlando Martinez
Batting: RHB Sean Murphy 0-0: Called Strike
0-1: Fly out, F7 (Flyball, 78D, EV 101.2 MPH)
Batting: LHB Jose Sanchez 0-0: Ball
1-0: Ball
2-0: Ball
3-0: Called Strike
3-1: Base on Balls
Batting: RHB Esteury Ruiz 0-0: Called Strike
0-1: Foul Ball, location: 2F
0-2: Ball
1-2: Ball
2-2: Fly out, F9 (Flyball, 9S, EV 83.1 MPH)
Pitching: LHP Esmerlin Vinicio
Batting: RHB Jimmy Mojica 0-0: Called Strike
0-1: Ball
1-1: Ball
2-1: Ground out 5-3 (Groundball, 56S, EV 79.4 MPH)
Bottom of the 6th over - 0 runs, 0 hits, 0 errors, 1 left on base; San Francisco 0 - San Diego 4
TOP OF THE 7TH
San Francisco Giants batting - Pitching for San Diego Padres : RHP Joe Ottinger
Pitching: RHP Carlos Guarate
Batting: LHB Michael Siani 0-0: Ball
1-0: Foul Ball, location: 2F
1-1: Foul Ball, location: 2F
1-2: Ball
2-2: Foul Ball, location: 2F
2-2: Foul Ball, location: 2F
2-2: Ball
3-2: Foul Ball, location: 2F
3-2: Fly out, F5 (Popup, 25F, EV 85.6 MPH)
Batting: RHB Mauricio Dubon 0-0: Called Strike
0-1: SINGLE (Groundball, 34D, EV 95.6 MPH)
Batting: LHB Hunter Bishop 0-0: Ball
1-0: Ball
Wild Pitch!
Mauricio Dubon to second
2-0: Called Strike
2-1: Ball
3-1: Base on Balls
Pinch Hitting: LHB Logan Wyatt 0-0: Foul Ball, location: 2F
0-1: SINGLE (Groundball, 4, EV 96.2 MPH)
Mauricio Dubon to third
Hunter Bishop to second
Runner from 3rd tries for Home, SAFE, throw by CF to home
Batting: RHB Will Wilson 0-0: Foul Ball, location: 2F
0-1: SINGLE (Groundball, 3D, EV 106.2 MPH)
Hunter Bishop to third
Logan Wyatt to second
Runner from 3rd tries for Home, SAFE, throw by RF to home
Pinch Hitting: LHB Grant McCray 0-0: Foul Ball, location: 2F
0-1: Fly out, F7 (Flyball, 78M, EV 96.9 MPH)
Batting: LHB Mike Yastrzemski 0-0: Ball
1-0: Ground out U3 (Groundball, 34, EV 91.9 MPH)
Top of the 7th over - 2 runs, 3 hits, 0 errors, 2 left on base; San Francisco 2 - San Diego 4
BOTTOM OF THE 7TH
San Diego Padres batting - Pitching for San Francisco Giants : LHP Esmerlin Vinicio
Pitching: RHP Edwin Castillo
Now at C: Chadwick Tromp
Now at 3B: Oneil Cruz
Now at SS: Will Wilson
Batting: LHB Luis Paez 0-0: Foul Ball, location: 2F
0-1: Ball
1-1: Ball
2-1: Ball
3-1: Base on Balls
Batting: RHB Steve Betker 0-0: Called Strike
0-1: Swinging Strike
0-2: Ball
1-2: Strikes out swinging
Pinch Hitting: RHB Andretty Cordero 0-0: Called Strike
0-1: Foul Ball, location: 2F
0-2: Ball
1-2: Ball
2-2: SINGLE (Groundball, 6MD, EV 95.0 MPH)
Luis Paez to second
Batting: RHB Ken Gelhaus 0-0: Ball
1-0: Ball
2-0: Ball
3-0: Base on Balls
Luis Paez to third
Andretty Cordero to second
Pinch Hitting: RHB Dutch Landis 0-0: Ball
1-0: Called Strike
1-1: Fly out, F8 (Flyball, 78M, EV 94.4 MPH)
Runner from 3rd tags up, OUT at HOME! 8-2
Bottom of the 7th over - 0 runs, 1 hit, 0 errors, 2 left on base; San Francisco 2 - San Diego 4
TOP OF THE 8TH
San Francisco Giants batting - Pitching for San Diego Padres : RHP Carlos Guarate
Pitching: RHP Joe Fessel
Now at 3B: Andretty Cordero
Batting: LHB Orlando Martinez 0-0: Ball
1-0: SINGLE (Groundball, 34D, EV 96.2 MPH)
Batting: LHB Oneil Cruz 0-0: Called Strike
0-1: Ball
1-1: Fly out, F8 (Flyball, 8LD, EV 94.4 MPH)
Batting: LHB Michael Siani 0-0: Ball
1-0: Swinging Strike
1-1: Called Strike
1-2: Fly out, F1 (Line Drive, P, EV 71.9 MPH)
Batting: RHB Mauricio Dubon 0-0: SINGLE (Groundball, 5L, EV 102.5 MPH) (infield hit)
Orlando Martinez to second
Pinch Hitting: RHB Jhonkensy Noel 0-0: Called Strike
0-1: Ball
1-1: Ball
2-1: Called Strike
2-2: Ball
3-2: Ground out 1-3 (Groundball, 13S, EV 61.9 MPH)
Top of the 8th over - 0 runs, 2 hits, 0 errors, 2 left on base; San Francisco 2 - San Diego 4
BOTTOM OF THE 8TH
San Diego Padres batting - Pitching for San Francisco Giants : RHP Edwin Castillo
Now at 1B: Jhonkensy Noel
Batting: RHB Sean Murphy 0-0: Called Strike
0-1: Foul Ball, location: 2F
0-2: Strikes out swinging
Batting: LHB Jose Sanchez 0-0: Called Strike
0-1: Called Strike
0-2: Fly out, F8 (Flyball, 8RD, EV 99.4 MPH)
Batting: RHB Esteury Ruiz 0-0: Ball
1-0: Swinging Strike
1-1: Swinging Strike
1-2: Ball
2-2: Ball
3-2: Strikes out looking
Bottom of the 8th over - 0 runs, 0 hits, 0 errors, 0 left on base; San Francisco 2 - San Diego 4
TOP OF THE 9TH
San Francisco Giants batting - Pitching for San Diego Padres : RHP Joe Fessel
Pitching: LHP Isaiah Bartley
Batting: RHB Chadwick Tromp 0-0: Foul Ball, location: 2F
0-1: Foul Ball, location: 2F
0-2: Fly out, F6 (Popup, 15S, EV 83.1 MPH)
Batting: RHB Will Wilson 0-0: Swinging Strike
0-1: Ball
1-1: DOUBLE (Flyball, 78D, EV 110.0 MPH)
Pinch Hitting: RHB Wilmer Flores 0-0: Fly out, F3 (Line Drive, 4, EV 71.9 MPH)
Batting: LHB Mike Yastrzemski 0-0: Ball
1-0: Called Strike
1-1: Foul Ball, location: 2F
1-2: Strikes out looking
Top of the 9th over - 0 runs, 1 hit, 0 errors, 1 left on base; San Francisco 2 - San Diego 4
Tuesday, January 24th , 2023 - OOTP Baseball 23.10 Build 110